Map: [EWC] Goldenaura

Players

Dark - Winner!

  • Race: Zerg Zerg
  • Spawn Location: 5:00

Maru

  • Race: Terran Terran
  • Spawn Location: 12:00

Event: Esports World Cup 2024

VOD

Have the link to the VOD?

Description

Time

  • Played on: Aug. 15, 2024, 12:13 p.m.
  • Length: 8:31

All games in this series

Show
View Real Time Build Order
Export as new Build Order

Dark Zerg - Winner!

Build Orders: Hatch First 

Get SALT Encoding   

  12  0:00  Drone  
  13  0:13  Overlord  
  13  0:17  Drone  
  14  0:31  Drone x2  
  16  0:48  Hatchery  
  15  0:51  Drone  
  15  0:56  Drone  
  17  0:58  Drone  
  18  1:10  Extractor  
  17  1:14  Spawning Pool  
  17  1:17  Drone  
  17  1:21  Drone  
  18  1:28  Drone  
  19  1:41  Drone  
  20  1:50  Drone  
  21  2:00  Queen  
  21  2:01  Zergling x2, Queen  
  25  2:02  Zergling x2  
  27  2:10  Metabolic Boost  
  27  2:13  Overlord  
  27  2:14  Drone  
  28  2:28  Extractor  
  27  2:30  Spore Crawler  
  27  2:34  Drone x2  
  28  2:37  Drone  
  28  2:40  Hatchery  
  28  2:42  Drone  
  31  2:45  Drone  
  32  2:51  Overlord  
  32  2:56  Queen  
  34  3:01  Overlord  
  34  3:10  Drone  
  34  3:11  Drone x3  
  38  3:14  Drone  
  39  3:22  Drone x4  
  39  3:26  Drone  
  44  3:30  Lair  
  43  3:43  Queen, Zergling x6  
  43  3:46  Drone x2  
  50  3:49  Drone  
  50  3:50  Drone  
  50  3:54  Queen  
  54  3:58  Overlord  
  54  4:00  Zergling x2  
  54  4:01  Drone  
  56  4:08  Drone x2  
  58  4:11  Overlord  
  58  4:18  Drone  
  58  4:19  Drone x2, Queen  
  58  4:20  Drone  
  58  4:21  Overlord  
  64  4:25  Overlord  
  64  4:28  Overlord  
  64  4:37  Nydus Network  
  63  4:40  Extractor  
  63  4:42  Zergling x16  
  63  4:44  Overlord  
  69  4:50  Zergling x8  
  73  4:54  Queen  
  73  4:55  Zergling x2  
  76  5:01  Zergling x6  
  76  5:02  Zergling x6  
  76  5:03  Drone  
  76  5:04  Zergling x2  
  84  5:12  Zergling x6  
  87  5:15  Nydus Canal  
  87  5:18  Queen  
  87  5:19  Overlord  
  89  5:30  Overlord  
  89  5:35  Nydus Canal  
  89  5:37  Queen, Overlord  
  89  5:39  Zergling x2, Overlord  
  89  5:41  Zergling x12  
  91  5:43  Zergling x2  
  91  5:44  Queen  
  91  5:49  Overseer  
  90  5:56  Zergling x2  
  86  5:59  Zergling x2  
  86  6:00  Queen  
  83  6:04  Spine Crawler  
  83  6:06  Zergling x8  
  83  6:09  Overseer  
  81  6:12  Zergling x2  
  81  6:13  Queen, Zergling x2  
  81  6:17  Zergling x2  
  83  6:19  Queen  
  83  6:22  Zergling x4  
  83  6:23  Zergling x2  
  82  6:25  Zergling x4  
  82  6:31  Zergling x2  
  81  6:34  Zergling x2  
  81  6:36  Zergling x2, Queen  
  82  6:41  Zergling x2  
  82  6:45  Zergling x2  
  82  6:46  Zergling x2  
  83  6:49  Queen  
  83  6:51  Zergling x6  
  87  6:55  Queen  
  87  6:58  Zergling x8  
  88  7:02  Spine Crawler  
  88  7:03  Zergling x2  
  86  7:09  Zergling x4  
  86  7:12  Queen  
  84  7:17  Zergling x2  
  84  7:20  Zergling x10  
  82  7:24  Queen  
  82  7:28  Zergling x4  
  83  7:31  Zergling x6, Queen  
  83  7:33  Zergling x2  
  86  7:38  Roach Warren  
  85  7:47  Queen, Zergling x6  
  85  7:51  Zergling x4, Nydus Canal  
  90  7:53  Zergling x4  
  92  7:58  Zergling x2  
  91  8:06  Zergling x6  
Show
View Real Time Build Order
Export as new Build Order

Maru Terran 

Build Orders: Reaper Expand, Hellion Banshee 

Get SALT Encoding   

  12  0:00  SCV  
  13  0:12  SCV  
  14  0:16  Supply Depot  
  14  0:24  SCV  
  15  0:38  SCV  
  15  0:39  Barracks  
  16  0:42  Refinery  
  16  0:50  SCV  
  17  1:02  SCV  
  18  1:14  SCV  
  19  1:26  Orbital Command, Reaper  
  20  1:39  Command Center  
  20  1:49  Supply Depot  
  20  1:52  SCV  
  21  1:58  Marine  
  22  2:04  SCV  
  23  2:13  Factory  
  23  2:16  SCV  
  23  2:22  Barracks Reactor  
  24  2:28  SCV  
  25  2:40  SCV  
  25  2:43  Command Center  
  26  2:52  SCV  
  26  2:53  Orbital Command  
  27  3:03  Starport  
  27  3:07  Hellion x2  
  27  3:09  SCV  
  32  3:13  Refinery  
  32  3:16  Barracks Tech Lab  
  32  3:19  SCV  
  33  3:28  Hellion x2  
  33  3:29  SCV  
  33  3:31  SCV  
  39  3:41  SCV, Viking  
  40  3:45  SCV  
  43  3:51  Hellion  
  43  3:53  SCV  
  43  3:54  Hellion  
  43  3:55  Orbital Command  
  48  3:59  Barracks Tech Lab  
  48  4:00  SCV  
  48  4:01  Supply Depot  
  49  4:05  SCV  
  50  4:12  SCV  
  51  4:17  SCV  
  51  4:18  Banshee  
  51  4:19  Cloaking Field  
  51  4:21  Hellion  
  51  4:22  SCV  
  58  4:24  SCV  
  58  4:27  Supply Depot  
  58  4:29  SCV  
  58  4:30  Hellion  
  62  4:34  SCV, Refinery  
  62  4:37  SCV  
  64  4:38  Marine  
  64  4:41  SCV  
  66  4:47  SCV  
  66  4:49  Supply Depot, SCV  
  66  4:50  Supply Depot  
  68  4:57  Barracks  
  68  4:58  SCV  
  69  5:00  Barracks  
  69  5:01  Banshee  
  69  5:03  Factory Reactor  
  69  5:04  Marine  
  69  5:05  SCV x2  
  75  5:10  SCV  
  75  5:12  Engineering Bay  
  76  5:14  Engineering Bay  
  76  5:16  Refinery  
  76  5:17  SCV  
  76  5:19  Orbital Command  
  77  5:23  SCV  
  78  5:29  SCV, Barracks  
  78  5:30  Barracks  
  78  5:34  Cyclone  
  78  5:35  SCV  
  82  5:40  Bunker  
  82  5:41  SCV  
  79  5:46  Marine  
  79  5:47  SCV, Marine  
  82  5:51  SCV  
  82  5:53  SCV, Banshee  
  86  5:59  SCV  
  87  6:04  Marine x2  
  87  6:05  Bunker  
  87  6:07  Cyclone  
  87  6:10  SCV  
  83  6:22  Marine x2  
  83  6:24  SCV  
  83  6:25  SCV  
  83  6:27  SCV  
  77  6:36  SCV  
  77  6:37  Medivac  
  77  6:39  SCV  
  77  6:40  Marine x2  
  75  6:54  SCV  
  75  6:55  SCV x2  
  75  6:58  Marine x2  
  78  7:02  Marine, Factory Tech Lab  
  78  7:06  SCV  
  78  7:07  SCV x2  
  78  7:08  Liberator  
  66  7:15  Marine  
  66  7:16  Marine  
  66  7:17  Marine x2  
  66  7:18  SCV  
  66  7:19  SCV x2  
  66  7:20  Marine  
  65  7:25  Siege Tank  
  63  7:30  SCV  
  63  7:31  SCV  
  63  7:32  SCV  
  63  7:33  Marine  
  63  7:34  Marine  
  63  7:35  Marine  
  66  7:41  Marine  
  66  7:42  SCV  
  66  7:44  SCV  
  70  7:52  Marine  
  70  7:53  Marine  
  70  7:56  SCV  
  61  7:59  SCV, Marine  
  60  8:10  Marine  
  60  8:11  Marine  
  57  8:15  SCV  
Tags
 
Add a new tag
Caveats
  • Supply blocks, unpowered buildings, or Contaminate may cause inaccurate times.
  • Supply counts are checked every 10 seconds.